Map: Dusk Towers

Players

MorN

  • Race: Terran Terran
  • League: Master

Draco - Winner!

  • Race: Protoss Protoss
  • League: Master

VOD

Have the link to the VOD?

Description

Time

  • Played on: Nov. 21, 2015, 10:19 p.m.
  • Length: 7:50
Show
View Real Time Build Order
Export as new Build Order

MorN Terran 

Build Orders: MMM Bio 

Get SALT Encoding   

  12  0:00  SCV  
  13  0:12  SCV  
  14  0:17  Supply Depot  
  14  0:24  SCV  
  15  0:39  SCV  
  15  0:40  Barracks  
  16  0:46  Refinery  
  16  0:51  SCV  
  17  1:03  SCV  
  18  1:15  SCV  
  19  1:28  Marine  
  19  1:29  Orbital Command  
  20  1:44  Command Center  
  20  1:50  Factory  
  20  1:55  SCV  
  21  2:02  Supply Depot  
  21  2:04  Marine  
  23  2:08  SCV  
  23  2:23  Marine  
  23  2:24  SCV  
  25  2:35  Factory Tech Lab  
  25  2:36  SCV, Barracks  
  26  2:43  Marine  
  27  2:49  SCV  
  28  2:58  Command Center  
  28  3:02  Orbital Command  
  28  3:06  SCV  
  28  3:10  Marine  
  29  3:16  Cyclone  
  29  3:19  SCV  
  33  3:23  Marine  
  34  3:28  Marine  
  34  3:30  SCV  
  34  3:32  SCV  
  34  3:33  Engineering Bay  
  37  3:38  Refinery  
  37  3:42  SCV, Marine  
  37  3:45  SCV  
  40  4:08  Stimpack, Marine  
  41  4:10  Factory Reactor  
  41  4:11  Orbital Command  
  41  4:12  SCV  
  41  4:14  Barracks  
  41  4:16  SCV  
  43  4:18  Missile Turret  
  43  4:24  SCV  
  43  4:25  Supply Depot  
  43  4:28  SCV, Barracks Tech Lab  
  45  4:32  Terran Infantry Weapons Level 1  
  45  4:35  Refinery  
  45  4:36  SCV  
  45  4:37  Orbital Command  
  46  4:40  SCV  
  46  4:41  Marauder  
  49  4:48  SCV  
  50  4:53  SCV  
  51  5:00  SCV  
  51  5:03  SCV  
  51  5:05  SCV  
  54  5:09  Combat Shields  
  54  5:10  Starport  
  54  5:12  SCV  
  55  5:15  SCV, Factory Reactor  
  55  5:17  SCV  
  55  5:21  Marauder x2, Marine x2  
  62  5:23  Supply Depot  
  62  5:25  SCV  
  62  5:27  SCV  
  62  5:28  Barracks  
  62  5:29  SCV, Barracks  
  62  5:32  Refinery  
  63  5:37  SCV  
  63  5:39  SCV  
  63  5:42  SCV  
  66  5:44  Supply Depot  
  66  5:46  Supply Depot, Marine x2, Marauder x2  
  66  5:49  SCV  
  73  5:52  SCV  
  73  5:54  SCV  
  75  5:57  Factory Reactor  
  75  5:58  Medivac  
  75  6:02  Supply Depot  
  77  6:04  Supply Depot  
  77  6:06  SCV x3, Medivac  
  77  6:09  Refinery  
  77  6:10  Refinery  
  77  6:11  Marauder  
  84  6:12  Marine  
  84  6:16  Barracks Tech Lab  
  84  6:17  Barracks Reactor  
  84  6:18  SCV x3  
  88  6:26  Engineering Bay  
  88  6:30  SCV x2  
  88  6:31  Medivac  
  92  6:34  SCV  
  92  6:36  Medivac  
  92  6:39  Supply Depot  
  95  6:40  Marauder x2, Marine  
  95  6:41  Supply Depot  
  95  6:42  SCV x2  
  95  6:46  SCV, Starport  
  103  6:52  Marine  
  103  6:53  Marauder  
  106  6:54  SCV x2  
  104  7:01  Marauder  
  104  7:04  Concussive Shells, Marine x2  
  104  7:05  Marauder  
  104  7:06  Medivac  
  104  7:07  Medivac  
  114  7:08  SCV  
  114  7:11  Supply Depot  
  110  7:18  Marine x3  
  98  7:23  Marauder  
  98  7:25  Marine x2  
  98  7:26  Marauder  
Show
View Real Time Build Order
Export as new Build Order

Draco Protoss - Winner!

Build Orders:  

Get SALT Encoding   

  12  0:01  Probe (Chrono Boost)  
  13  0:12  Probe (Chrono Boost)  
  14  0:17  Pylon  
  14  0:22  Probe (Chrono Boost)  
  15  0:34  Assimilator  
  16  0:35  Probe (Chrono Boost)  
  16  0:46  Probe (Chrono Boost)  
  17  0:56  Probe (Chrono Boost)  
  18  1:07  Probe (Chrono Boost)  
  18  1:08  Nexus  
  19  1:19  Gateway  
  19  1:33  Probe (Chrono Boost), Assimilator  
  19  1:37  Pylon  
  20  1:44  Probe (Chrono Boost)  
  21  1:54  Probe (Chrono Boost)  
  21  1:59  Pylon  
  22  2:05  Probe (Chrono Boost)  
  22  2:06  Cybernetics Core  
  26  2:15  Probe (Chrono Boost)  
  26  2:23  Probe (Chrono Boost)  
  26  2:26  Probe (Chrono Boost)  
  26  2:27  Pylon  
  28  2:33  Probe (Chrono Boost)  
  28  2:36  Pylon  
  30  2:42  Mothership Core (Chrono Boost)  
  30  2:43  Adept  
  31  2:44  Warp Gate  
  31  2:45  Probe (Chrono Boost)  
  32  2:56  Probe (Chrono Boost)  
  33  2:59  Pylon  
  33  3:00  Probe (Chrono Boost)  
  34  3:05  Probe (Chrono Boost)  
  34  3:11  Probe (Chrono Boost), Adept (Chrono Boost)  
  38  3:15  Probe  
  38  3:16  Robotics Facility  
  39  3:23  Probe  
  39  3:25  Probe  
  41  3:35  Probe  
  41  3:36  Probe  
  43  3:42  Pylon  
  43  3:46  Probe, Pylon  
  43  3:47  Probe  
  45  3:57  Probe  
  45  3:59  Probe  
  47  4:08  Probe  
  47  4:09  Immortal  
  50  4:11  Probe  
  50  4:15  Gateway  
  50  4:16  Gateway  
  51  4:18  Probe  
  51  4:23  Gateway  
  52  4:25  Gateway  
  52  4:26  Probe  
  52  4:29  Probe, Gateway  
  54  4:33  Robotics Bay  
  54  4:34  Assimilator  
  54  4:38  Assimilator  
  54  4:44  Pylon  
  54  4:49  Observer  
  55  4:54  Pylon  
  55  5:04  Probe  
  56  5:14  Immortal  
  60  5:28  Stalker x3  
  62  5:29  Stalker x3  
  62  5:30  Probe  
  62  5:31  Probe  
  74  5:39  Gravitic Drive  
  74  5:52  Sentry x2, Nexus  
  74  5:53  Disruptor (Chrono Boost)  
  74  5:55  Pylon  
  74  5:56  Pylon  
  81  6:00  Stalker  
  81  6:03  Adept x2  
  87  6:05  Adept  
  87  6:08  Probe  
  90  6:15  Probe  
  91  6:23  Stalker x3  
  97  6:27  Stalker  
  97  6:29  Warp Prism (Chrono Boost)  
  101  6:34  Adept x2  
  105  6:40  Probe  
  105  6:41  Probe  
  105  6:43  Assimilator  
  107  6:48  Assimilator  
  99  7:09  Probe  
  99  7:10  Probe  
  99  7:15  Stalker x3  
  101  7:16  Stalker  
  105  7:24  Stalker  
  105  7:37  Stalker x2  
  105  7:40  Zealot x4  
Tags
 
Composition
MMM Bio
Matchup
PvT
Replay Pack
MorN pack 2
Add a new tag
Caveats
  • Supply blocks, unpowered buildings, or Contaminate may cause inaccurate times.
  • Supply counts are checked every 10 seconds.